 Dungeon Crawl Stone Soup version 0.29-a0-490-g77b3608bb8 (webtiles) character file.

Game seed: 1079774640198457720

12997 pokeman the Eclecticist (level 11, -16/59 (60) HPs)
             Began as a Deep Elf Hedge Wizard on May 26, 2022.
             Was an Elder of Vehumet.
             Hit by a large rock thrown by a cyclops (44 damage)
             ... on level 11 of the Dungeon.
             The game lasted 00:32:55 (13171 turns).

pokeman the Eclecticist (Deep Elf Hedge Wizard)    Turns: 13171, Time: 00:32:55

HP:   -16/59 (60)   AC:  6    Str: 14    XL:     11   Next: 69%
MP:   33/41         EV: 12    Int: 24    God:    Vehumet [****..]
Gold: 1346          SH:  5    Dex: 10    Spells: 30/41 levels left

rFire   . . .      SeeInvis .   x - +10 longbow "Nashriunn" {venom, rC+ Dex-5 Stlth+}
rCold   + . .      Faith    .   (shield currently unavailable)
rNeg    . . .      Spirit   .   o - +0 leather armour
rPois   +          Reflect  +   q - +1 hat
rElec   .          Harm     .   (no cloak)
rCorr   .          Rampage  .   y - +0 pair of gloves
Will    .....                   Q - +0 pair of boots of Snakes and Ladders {Str+7 Dex-3}
Stlth   +++.......              L - amulet "Ubanu" {Reflect Will- Regen+ Dex+4 SH+5}
HPRegen 0.99/turn               e - ring of poison resistance
MPRegen 0.27/turn               f - ring of magical power

@: lightly drained
A: no striking features
a: Renounce Religion


You were on level 11 of the Dungeon.
You worshipped Vehumet.
Vehumet was greatly pleased with you.
You visited 2 branches of the dungeon, and saw 12 of its levels.
You also visited: Bailey.

You collected 1346 gold pieces.

Inventory:

Hand Weapons
 x - the +10 longbow "Nashriunn" (weapon) {venom, rC+ Dex-5 Stlth+}
   (You found it on level 4 of the Dungeon)

   Any ammunition fired from it poisons the flesh of those it strikes.
   Dex:       It affects your dexterity (-5).
   rC:        It protects you from cold.
   Stlth:     It makes you more stealthy.
Armour
 i - an orb of light
 o - a +0 leather armour (worn)
 q - a +1 hat (worn)
 y - a +0 pair of gloves (worn)
 z - a +1 robe of cold resistance
 F - a +0 buckler
 Q - the +0 pair of boots of Snakes and Ladders (worn) {Str+7 Dex-3}
   (You found it on level 8 of the Dungeon)

   Str:       It affects your strength (+7).
   Dex:       It affects your dexterity (-3).
Magical Staves
 V - a staff of poison
Jewellery
 e - a ring of poison resistance (left hand)
 f - a ring of magical power (right hand)
 g - a +6 ring of strength
 j - a ring of fire
 u - a +6 ring of intelligence
 v - a +4 ring of protection
 J - a ring of resist corrosion
 L - the amulet "Ubanu" (around neck) {Reflect Will- Regen+ Dex+4 SH+5}
   (You found it in a bailey)

   [amulet of reflection]

   It reflects blocked missile attacks.
   Dex:       It affects your dexterity (+4).
   Regen:     It increases your rate of health regeneration.
   SH:        It affects your SH (+5).
   Will:      It decreases your willpower.
 S - a +4 ring of protection
Wands
 b - a wand of digging (16)
 k - a wand of iceblast (9)
 p - a wand of acid (9)
 G - a wand of paralysis (13)
 I - a wand of charming (5)
 O - a wand of mindburst (8)
Scrolls
 m - a scroll of fog
 t - a scroll of enchant weapon
 w - a scroll of silence
 B - 3 scrolls of poison
 C - 4 scrolls of enchant armour
 D - 2 scrolls of teleportation
 E - a scroll of amnesia
 K - a scroll of noise
 P - a scroll of blinking
 R - a scroll of immolation {unknown}
Potions
 a - 3 potions of curing {unknown}
 c - a potion of attraction {unknown}
 d - 5 potions of magic
 h - a potion of invisibility {unknown}
 l - 3 potions of heal wounds {unknown}
 n - 5 potions of brilliance {unknown}
 r - 2 potions of berserk rage {unknown}
 s - a potion of cancellation {unknown}
 A - a potion of might {unknown}
 H - a potion of flight {unknown}
 M - 2 potions of mutation {unknown}
 N - a potion of haste {unknown}
 T - a potion of resistance {unknown}
 U - a potion of lignification {unknown}


   Skills:
 + Level 3.4 Fighting
 - Level 4.0 Armour
 - Level 4.0 Dodging
 - Level 4.0 Stealth
 - Level 3.1 Shields
 * Level 15.9 Spellcasting
 + Level 9.4 Conjurations
 - Level 1.1 Summonings
 - Level 1.1 Translocations
 + Level 8.4 Fire Magic
 - Level 2.2 Air Magic
 - Level 1.1 Poison Magic
 - Level 1.1 Evocations


You had 30 spell levels left.
You knew the following spells:

 Your Spells              Type           Power      Damage    Failure   Level
a - Magic Dart            Conj           100%       1d8       1%          1
b - Mephitic Cloud        Conj/Pois/Air  39%        N/A       1%          3
c - Call Imp              Summ           24%        N/A       3%          2
d - Blink                 Tloc           48%        N/A       3%          2
e - Conjure Flame         Conj/Fire      58%        6-21      1%          3

Your spell library contained the following spells:

 Spells                   Type           Power      Damage    Failure   Level
 Olgreb's Toxic Radiance  Pois           24%        N/A       6%          4
 Hailstorm                Conj/Ice       41%        3d10      1%          4
 Slow                     Hex            76%        N/A       3%          1
 Ice Form                 Ice/Tmut       19%        N/A       34%         4
 Simulacrum               Ice/Necr       9%         N/A       99%         6


Dungeon Overview and Level Annotations

Branches:
Dungeon (11/15)            Temple (1/1) D:4            Lair (0/6) D:9
 Bailey (visited)
    Orc: D:9-12

Altars:
Cheibriados
Dithmenos
Elyvilon
Fedhas
Gozag
Hepliaklqana
Kikubaaqudgha
Makhleb
Nemelex Xobeh
Okawaru
Qazlal
Ru
Sif Muna
Trog
Uskayaw
Vehumet
Wu Jian
Xom
Yredelemnul
Zin
The Shining One

Shops:
D:10 :

Portals:
Ice
Cave: D:11

Annotations:
D:11 1 runed translucent door, Gibbon's ghost, journeyman GnWn


Message History

The killer bee appears confused.
The gnoll is engulfed in noxious fumes.
The gnoll appears confused.
The gnoll is engulfed in noxious fumes.
The gnoll appears confused.
Unknown command.
Shoot: x) +10 longbow "Nashriunn" {venom, rC+ Dex-5 Stlth+}
Press: ? - help, Shift-Dir - straight line, f - killer bee
Aim: a killer bee (noxious fumes, confused, 69% to hit)
Unknown command.
Shoot: x) +10 longbow "Nashriunn" {venom, rC+ Dex-5 Stlth+}
Press: ? - help, Q - select action, (/) - cycle Shift-Dir - straight line, f - gnoll
Aim: a gnoll, wielding a +0 club (noxious fumes, confused, 85% to hit)
You shoot an arrow. The arrow hits the gnoll!
The gnoll is poisoned.
The gnoll is severely wounded.
The killer bee is engulfed in noxious fumes.
The killer bee appears confused.
The killer bee is engulfed in noxious fumes.
The killer bee appears confused.
The gnoll is engulfed in noxious fumes.
The gnoll appears confused.
The gnoll is engulfed in noxious fumes.
The gnoll appears confused.
The killer bee is engulfed in noxious fumes.
The killer bee appears confused.
The gnoll barely misses you.
The gnoll is engulfed in noxious fumes.
You kill the gnoll!
Vehumet accepts your kill.
You feel your power returning. You block the killer bee's attack.
The gnoll is engulfed in noxious fumes.
The gnoll appears confused.
Aiming: Charm
Press: ? - help, Shift-Dir - straight line, f - ice dragon
Aim: an ice dragon (lightly wounded, chance to affect: 34%)
The ice dragon easily resists.
The killer bee closely misses you.
The gnoll closely misses the gnoll.
The gnoll is engulfed in noxious fumes.
The gnoll sergeant shouts!
The gnoll sergeant hits you with a +4 spear of freezing.
The gnoll sergeant freezes you.
Found 20 stones.
The gnoll sergeant hits you from afar with a +4 spear of freezing!
The gnoll sergeant freezes you.
The cyclops throws a large rock.
The large rock hits you!!!
Ouch! That really hurt!
You die...

.........### ###
>......... ...#
#........# ....##
##......#####
......##...y.......#
....................
..........#.........
(.........#yg.......
.......@.g#D.........##.
........g.#.g.........#.
#.......#...#.#.........
..#.....#.).###.........
. #......##.### ........
#..##.......# ....... #
#..........## ..... #
#......C.......#.. #
............##.. #


You could see a cyclops, a gnoll sergeant, a killer bee (confused) and a gnoll
(confused).

Vanquished Creatures
  3 two-headed ogres
  3 death yaks (D:9)
  Pikel (D:8)
  A manticore (D:11)
  A gargoyle (D:10)
  A troll (D:11)
  A hornet (D:9)
  Grinder (D:4)
  Sigmund (D:3)
  6 yaks (D:10)
  5 wyverns
  4 water moccasins
  3 ice beasts
  4 orc warriors
  4 ogres
  10 centaurs
  2 lemures (D:8)
  2 phantoms
  5 kobold brigands
  3 bullfrogs
  A gnoll sergeant (D:5)
  Blork the orc (D:6)
  3 necrophages (D:5)
  A scorpion (D:5)
  A water moccasin zombie (D:5)
  6 wights
  23 killer bees
  3 howler monkeys
  A centaur zombie (D:5)
  2 bullfrog zombies (D:5)
  A jelly (D:6)
  4 hounds
  A human zombie (D:5)
  3 orc priests
  2 iguanas
  Terence (D:3)
  11 orc wizards
  A scorpion zombie (D:5)
  A hound zombie (D:5)
  A mummy (D:5)
  4 gnolls
  2 river rats (D:9)
  7 adders
  A shadow imp (D:8)
  2 ufetubi
  A worm (D:3)
  2 dart slugs
  32 orcs
  6 endoplasms
  4 giant cockroaches
  4 goblins (D:3)
  5 hobgoblins
  8 jackals
  14 kobolds
  5 quokkas
  8 ball pythons
  9 bats
  3 frilled lizards
  11 rats
257 creatures vanquished.

Vanquished Creatures (collateral kills)
  A gargoyle (D:11)
1 creature vanquished.

Vanquished Creatures (others)
  A kobold (D:9)
1 creature vanquished.

Grand Total: 259 creatures vanquished

Notes
Turn   | Place    | Note
-------+----------+-------------------------------------------
     0 | D:1      | pokeman the Deep Elf Hedge Wizard began the quest for the
                  | Orb.
     0 | D:1      | Reached XP level 1. HP: 10/10 MP: 7/7
   618 | D:1      | Found a faded altar of an unknown god.
   624 | D:1      | Reached XP level 2. HP: 11/15 MP: 9/9
  1762 | D:2      | Reached skill level 5 in Spellcasting
  1853 | D:2      | Reached XP level 3. HP: 16/20 MP: 11/11
  1857 | D:2      | Learned a level 3 spell: Mephitic Cloud
  1860 | D:2      | Learned a level 2 spell: Call Imp
  1863 | D:2      | Learned a level 2 spell: Blink
  1867 | D:2      | Learned a level 3 spell: Conjure Flame
  2153 | D:2      | Reached skill level 1 in Armour
  2241 | D:2      | Reached skill level 1 in Fighting
  2659 | D:3      | Found an ornate altar of the Wu Jian Council.
  2846 | D:3      | Reached XP level 4. HP: 25/25 MP: 13/13
  2986 | D:3      | Noticed Terence
  3004 | D:3      | Noticed Sigmund
  3015 | D:3      | Killed Sigmund
  3016 | D:3      | Reached skill level 6 in Spellcasting
  3016 | D:3      | Reached skill level 1 in Fire Magic
  3016 | D:3      | Reached XP level 5. HP: 16/29 MP: 7/16
  3224 | D:3      | Killed Terence
  3225 | D:3      | Reached XP level 6. HP: 8/34 MP: 11/17
  4019 | D:4      | Found a sparkling altar of Nemelex Xobeh.
  4060 | D:4      | Reached skill level 7 in Spellcasting
  4177 | D:4      | Identified the +10 longbow "Nashriunn" {venom, rC+ Dex-5
                  | Stlth+}
  4191 | D:4      | Noticed Grinder
  4216 | D:4      | Killed Grinder
  4217 | D:4      | Reached skill level 1 in Air Magic
  4217 | D:4      | Reached XP level 7. HP: 38/38 MP: 20/20
  4335 | D:4      | Found a staircase to the Ecumenical Temple.
  4341 | Temple   | Entered the Ecumenical Temple
  4497 | Temple   | Became a worshipper of Vehumet
  4841 | D:5      | Entered Level 5 of the Dungeon
  5158 | D:5      | Reached skill level 8 in Spellcasting
  5255 | D:5      | Reached skill level 1 in Poison Magic
  5295 | D:5      | Found a basalt altar of Yredelemnul.
  5468 | D:5      | Reached skill level 1 in Evocations
  5468 | D:5      | Reached XP level 8. HP: 43/43 MP: 22/22
  5472 | D:5      | Reached skill level 9 in Spellcasting
  5606 | D:5      | Found a shimmering altar of Xom.
  5661 | D:5      | Reached skill level 5 in Conjurations
  5661 | D:5      | Reached * piety under Vehumet
  5661 | D:5      | Offered knowledge of Shock by Vehumet.
  6088 | D:5      | Reached skill level 10 in Spellcasting
  6137 | D:5      | Reached skill level 1 in Shields
  6354 | D:6      | Noticed Blork the orc
  6359 | D:6      | Killed Blork the orc
  6459 | D:6      | Reached XP level 9. HP: 20/48 MP: 25/25
  7361 | D:6      | Reached skill level 11 in Spellcasting
  8025 | D:6      | Offered knowledge of Poisonous Vapours by Vehumet.
  8035 | D:6      | Reached ** piety under Vehumet
  8460 | D:7      | Found a white marble altar of Elyvilon.
  8470 | D:7      | Noticed a two-headed ogre
  8481 | D:7      | Killed a two-headed ogre
  8482 | D:7      | Reached skill level 12 in Spellcasting
  8482 | D:7      | Reached skill level 5 in Fire Magic
  8871 | D:7      | Reached XP level 10. HP: 53/53 MP: 28/28
  9505 | D:8      | Found a stormy altar of Qazlal.
  9573 | D:8      | Found a flagged portal.
  9582 | Bailey   | Entered a bailey
  9604 | Bailey   | Offered knowledge of Inner Flame by Vehumet.
 10138 | Bailey   | Found a burning altar of Makhleb.
 10153 | Bailey   | Identified the amulet "Ubanu" {Reflect Will- Regen+ Dex+4
                  | SH+5}
 10426 | D:8      | Noticed Pikel
 10435 | D:8      | Killed Pikel
 10436 | D:8      | Reached skill level 13 in Spellcasting
 10450 | D:8      | Found a shadowy altar of Dithmenos.
 10463 | D:8      | Identified the +0 pair of boots of Snakes and Ladders
                  | {Str+7 Dex-3}
 10731 | D:8      | Found a hide-covered altar of Uskayaw.
 10768 | D:8      | Found a snail-covered altar of Cheibriados.
 11147 | D:9      | Noticed a death yak
 11147 | D:9      | Noticed a death yak
 11155 | D:9      | Killed a death yak
 11157 | D:9      | Killed a death yak
 11157 | D:9      | Reached *** piety under Vehumet
 11157 | D:9      | Noticed a death yak
 11158 | D:9      | Reached skill level 14 in Spellcasting
 11467 | D:9      | Killed a death yak
 11468 | D:9      | Reached XP level 11. HP: 41/57 MP: 31/31
 11491 | D:9      | Offered knowledge of Dazzling Flash by Vehumet.
 11824 | D:9      | Found a staircase to the Lair.
 12060 | D:10     | Entered Level 10 of the Dungeon
 12348 | D:10     | Found an iron altar of Okawaru.
 12348 | D:10     | Found a bloodstained altar of Trog.
 12362 | D:10     | Noticed a two-headed ogre
 12369 | D:10     | Killed a two-headed ogre
 12370 | D:10     | Reached skill level 15 in Spellcasting
 12489 | D:10     | Reached **** piety under Vehumet
 12508 | D:10     | Paralysed by an orc wizard for 2 turns
 12700 | D:10     | Found Tauhad's Book Boutique.
 13033 | D:11     | Offered knowledge of Olgreb's Toxic Radiance by Vehumet.
 13048 | D:11     | Found a runed translucent door.
 13053 | D:11     | Noticed Gibbon's ghost (journeyman GnWn)
 13112 | D:11     | Noticed a two-headed ogre
 13117 | D:11     | Killed a two-headed ogre
 13121 | D:11     | Paralysed by a centaur for 2 turns
 13144 | D:11     | Found a frozen archway.
 13144 | D:11     | Noticed an ice dragon
 13171 | D:11     | Hit by a large rock thrown by a cyclops

Illustrated notes

Levels and vault maps discovered:
D:1:      amcnicky_arrival_underground_garden, layout_loops_corners,
          hellmonk_ecumenical_altar_dog_temple
D:2:      layout_basic, serial_glass, glass_columns_b, glass_columns_b
D:3:      layout_basic, mainiacjoe_overflow_chevrons, uniq_terence, uniq_sigmund
D:4:      layout_basic, lemuel_crystal_altar, minmay_temple_entry_nine_rooms,
          uniq_grinder
D:5:      layout_rooms, tgw_xom, lemuel_mausoleum_altar_yredelemnul
D:6:      kb_forest_paths, layout_layer_cave, uniq_blork_the_orc
D:7:      layout_cave_pods, lemuel_round_altar, minmay_misc_feat_columns
D:8:      layout_loops_corners, nicolae_dithmenos_through_a_glass_darkly,
          mainiacjoe_overflow_two_lobes, mainiacjoe_overflow_surrounded_room,
          enter_bailey_2, nrook_mini_backslash, uniq_pikel
D:9:      layout_irregular_city, dpeg_lair_monsters, st_stairs_13
D:10:     layout_long_grid, grunt_temple_overflow_bloody_war, serial_shops,
          nicolae_shop_hallway_plus
D:11:     layout_cave_pools, ebering_ghost_reflecting_pool,
          portal_ice_cave_entry_animals_and_master, uniq_snorg
Temple:   grunt_temple_mini_profane

Skill      XL: |  1  2  3  4  5  6  7  8  9 10 11 |
---------------+----------------------------------+-----
Spellcasting   | 5 6 7 8 10 12 14 15 | 15.9
Armour         | 1 3 4 |  4.0
Fighting       | 1 2 3 |  3.4
Conjurations   | 2 3 4 5 7 8 9 |  9.4
Dodging        | 3 4 |  4.0
Fire Magic     | 1 2 3 5 7 8 |  8.4
Stealth        | 3 4 |  4.0
Air Magic      | 1 2 |  2.2
Poison Magic   | 1 |  1.1
Evocations     | 1 |  1.1
Shields        | 1 3 |  3.1
Summonings     | |  1.1
Translocations | |  1.1

Action                   |  1- 3 |  4- 6 |  7- 9 | 10-12 || total
-------------------------+-------+-------+-------+-------++-------
Melee: Dagger            |       |     9 |       |       ||     9
       Flail             |       |     1 |       |       ||     1
       Longbow           |       |       |     1 |     1 ||     2
 Fire: Longbow           |       |     5 |   224 |   241 ||   470
 Cast: Magic Dart        |   115 |    48 |     9 |    13 ||   185
       Conjure Flame     |       |     7 |    14 |    13 ||    34
       Mephitic Cloud    |       |     6 |     7 |    29 ||    42
       Call Imp          |       |     1 |     4 |     7 ||    12
       Blink             |       |       |     1 |     8 ||     9
Evoke: Wand              |       |       |       |     2 ||     2
  Use: Scroll            |       |       |     1 |    10 ||    11
 Stab: Confused          |       |     2 |       |       ||     2
Armor: Robe              |     8 |       |       |       ||     8
       Leather armour    |       |     2 |    39 |    35 ||    76
Dodge: Dodged            |    19 |     9 |    68 |   100 ||   196
Block: Other             |       |       |       |    26 ||    26
       Reflection        |       |       |       |     2 ||     2

Table legend: (Time is in decaauts)
 A = Elapsed time spent in this place.
 B = Non-inter-level travel time spent in this place.
 C = Inter-level travel time spent in this place.
 D = Time resting spent in this place.
 E = Time spent auto-exploring this place.
 F = Levels seen in this place.
 G = Mean time per level.
                   A        B        C        D        E       F      G
               +--------+--------+--------+--------+--------+-----+--------+
         Total |  13583 |  13258 |    325 |   1117 |   9845 |  13 | 1044.8 |
       Dungeon |  12755 |  12455 |    300 |    881 |   9422 |  11 | 1159.5 |
        Temple |    182 |    157 |     25 |      0 |    150 |   1 |  182.0 |
        Bailey |    645 |    645 |      0 |    236 |    272 |   1 |  645.0 |
               +--------+--------+--------+--------+--------+-----+--------+

Top non-repeatable levels by time:
     D:6: 2157 daAuts
     D:1: 1735 daAuts
     D:5: 1284 daAuts
     D:4: 1113 daAuts
     D:7: 1076 daAuts
     D:3: 1070 daAuts
     D:8: 1057 daAuts
     D:2: 1050 daAuts
     D:9: 1020 daAuts
    D:10: 941 daAuts
  Bailey: 645 daAuts
    D:11: 248 daAuts
  Temple: 182 daAuts
